 Dungeon Crawl Stone Soup version 0.19.4-9-g45fd643 (console) character file.

104 Grinner the Chucker (level 4, -1/40 HPs)
             Began as a Troll Arcane Marksman on Feb 16, 2017.
             Slain by a kobold
             ... wielding a +0 short sword
              (7 damage)
             ... on level 3 of the Dungeon.
             The game lasted 00:04:44 (1602 turns).

Grinner the Chucker (Troll Arcane Marksman)         Turns: 1602, Time: 00:04:45

Health: -1/40      AC:  5    Str: 16 (19) XL:     4   Next: 52%
Magic:  5/5        EV:  9    Int:  8 (10) God:
Gold:   127        SH:  0    Dex:  7 (9)  Spells: 2 memorised, 2 levels left

rFire  . . .     SeeInvis .       - Unarmed
rCold  . . .     Gourm    +     a - +0 robe
rNeg   . . .     Faith    .     (no shield)
rPois  .         Spirit   .     (helmet restricted)
rElec  .         Reflect  .     (no cloak)
rCorr  .         Harm     .     (gloves unavailable)
MR     .....                    (boots unavailable)
Stlth  +.........               (no amulet)
                                (no ring)
                                (no ring)

@: lethally poisoned (-1 -> -10)
A: unfitting armour, claws 3, fast metabolism 3, gourmand, regeneration 1,
shaggy fur 1, tough skin 2
a: no special abilities


You were on level 3 of the Dungeon.
You were very full.

You visited 1 branch of the dungeon, and saw 3 of its levels.

You collected 127 gold pieces.

Inventory:

Missiles
 c - 4 large rocks (quivered)
 d - 2 throwing nets
Armour
 a - a +0 robe (worn)
Wands
 t - a wand of paralysis (15/24)
Scrolls
 e - a scroll of random uselessness {unknown}
 n - a scroll of enchant armour
 p - a scroll of amnesia {unknown}
 q - a scroll of blinking {unknown}
 r - a scroll of enchant weapon {unknown}
 s - a scroll of teleportation {unknown}
Potions
 h - 2 potions of ambrosia
 i - a potion of degeneration
 j - a potion of flight
 l - a potion of brilliance
 o - a potion of magic {unknown}
Books
 b - a book of Debilitation

   Spells                             Type                      Level
   a - Corona                         Hexes                        1
   b - Slow                           Hexes                        2
   c - Gell's Gravitas                Hexes/Translocation          3
   d - Inner Flame                    Hexes/Fire                   3
   e - Cause Fear                     Hexes                        4
   f - Leda's Liquefaction            Hexes/Earth                  4
Comestibles
 f - 3 bread rations
 g - 4 fruits
 k - a slice of pizza
 m - 2 meat rations


   Skills:
 - Level 0.7 Fighting
 + Level 2.5 Throwing
 - Level 1.5 Dodging
 + Level 1.6 Unarmed Combat
 + Level 1.6 Spellcasting
 + Level 2.4 Hexes
 + Level 0.5 Fire Magic


You had 2 spell levels left.
You knew the following spells:

 Your Spells              Type           Power        Failure   Level  Hunger
a - Corona                Hex            #......      17%         1    ##.....
x - Inner Flame           Hex/Fire       #.......     73%         3    ####...


Dungeon Overview and Level Annotations

Branches:
Dungeon (3/15)

Altars:
Fedhas

Annotations:
D:3 Grinder


Innate Abilities, Weirdness & Mutations

You are too large for most types of armour.
You have claws for hands.
Your metabolism is lightning-fast.
You like to eat raw meat.
Your natural rate of healing is unusually fast.
You are covered in fur. (AC +1)
You have very tough skin. (AC +2)


Message History

You feel sick. The adder bites you but does no damage.
You miss the adder.
The adder is heavily wounded.
* * * LOW HITPOINT WARNING * * *
You feel sick. The adder bites you.
* * * LOW HITPOINT WARNING * * *
The kobold barely misses you. The adder bites you but does no damage.
You barely miss the kobold.
* * * LOW HITPOINT WARNING * * *
You feel sick.
The kobold hits you with an uncursed short sword.
* * * LOW HITPOINT WARNING * * *
The adder completely misses you.
It was a potion of degeneration.
There was something very wrong with that liquid.
You feel weakened.
You feel dopey.
You feel clumsy.
* * * LOW HITPOINT WARNING * * *
You feel sick. The adder barely misses you.
The kobold hits you with an uncursed short sword!
You die...

#### ...# ###### .[.#####
#....# .......# #%..(#
.#.##.#######...@##.##.#
..........รท....)KSoo....
.#.....#######+#.##.....
.#...........# #.# ..PP
.#.....#####.# #.# ..P
.##.....# #.. P_
....#####. #.# P.. #####
#. #.# P.####### #. #..
..#..(...


You could see an adder, 2 orcs and a kobold.

Vanquished Creatures
  An orc priest (D:3)
  A gnoll (D:1)
  2 adders (D:2)
  An ooze (D:1)
  2 worms (D:2)
  A dart slug (D:1)
  A leopard gecko (D:3)
  2 orcs (D:3)
  6 bats
  A giant cockroach (D:1)
  4 goblins
  3 hobgoblins
  A quokka (D:3)
  A frilled lizard (D:3)
  4 kobolds
  3 rats
34 creatures vanquished.

Notes
Turn   | Place    | Note
-------+----------+-------------------------------------------
     0 | D:1      | Grinner the Troll Arcane Marksman began the quest for the Orb.
     0 | D:1      | Reached XP level 1. HP: 18/18 MP: 1/1
   239 | D:1      | Reached XP level 2. HP: 24/26 MP: 2/2
   580 | D:1      | Reached XP level 3. HP: 32/32 MP: 4/4
   703 | D:1      | Learned a level 3 spell: Inner Flame
   752 | D:2      | Reached skill level 1 in Unarmed Combat
   976 | D:2      | You fall through a shaft!
  1502 | D:3      | Reached XP level 4. HP: 40/40 MP: 5/5
  1518 | D:3      | Noticed Grinder
  1594 | D:3      | Found a blossoming altar of Fedhas.
  1602 | D:3      | Slain by a kobold

Skill      XL: |  1  2  3 |
---------------+----------+-----
Throwing       | 2 |  2.5
Unarmed Combat | 1 |  1.6
Fighting       | |  0.7
Dodging        | |  1.5
Spellcasting   | |  1.6
Hexes          | |  2.4
Fire Magic     | |  0.5

Action                   |  1- 3 |  4- 6 || total
-------------------------+-------+-------++-------
Melee: Unarmed           |   102 |    27 ||   129
  Use: Scroll            |     5 |       ||     5
       Potion            |       |     2 ||     2
  Eat: Chunk             |    16 |     3 ||    19
Armor: Robe              |    42 |    17 ||    59
Dodge: Dodged            |    56 |    14 ||    70
